 Dungeon Crawl Stone Soup version 0.28-a0-769-g550dbda0cd (webtiles) character file.

Game seed: 15200927471785525414

71930 jasper the Spry (level 15, -5/193 HPs)
             Began as a Merfolk Fighter on Oct 31, 2021.
             Was an Elder of Okawaru.
             Slain by a caustic shrike simulacrum (41 damage)
             ... in an ice cave.
             The game lasted 00:53:26 (27147 turns).

jasper the Spry (Merfolk Fighter)                  Turns: 27147, Time: 00:53:26

Health: -5/193     AC: 30    Str: 14 (15) XL:     15   Next: 38%
Magic:  14/21      EV:  2    Int:  8      God:    Okawaru [****..]
Gold:   194        SH:  9    Dex: 20 (21) Spells: 4/14 levels left

rFire   . . .      SeeInvis .   a - +1 trident (elec)
rCold   . . .      Faith    +   P - +2 buckler {AC+3}
rNeg    + + .      Spirit   .   (armour currently unavailable)
rPois   +          Reflect  .   (helmet currently unavailable)
rElec   .          Harm     .   (cloak currently unavailable)
rCorr   .          Rampage  .   (gloves currently unavailable)
Will    ++...      NoTele   +   (boots currently unavailable)
Stlth   +++.......              v - amulet of faith
HPRegen 0.42/turn               y - ring of Hilech {Fly rN++}
MPRegen 0.17/turn               p - ring of the Peasants {rPois Will+}

@: brilliant, tree-form, heroic, finesse-ful
A: stationary, stasis, torment immunity, boosted hp, (nimble swimmer 2),
(mertail), agile 1, deterioration 1, weak 1, wild magic 1, evolution 1
a: Renounce Religion, Heroism, Finesse


You were in an ice cave.
You worshipped Okawaru.
Okawaru was greatly pleased with you.
You were a tree.
You visited 4 branches of the dungeon, and saw 21 of its levels.
You also visited: Ice Cave.

You collected 2994 gold pieces.
You spent 2800 gold pieces at shops.

Inventory:

Hand Weapons
 a - a +1 trident of electrocution (weapon)
 Y - a +0 bardiche
Missiles
 m - 377 stones
 F - 2 throwing nets
 H - 4 boomerangs (quivered)
 R - 7 curare-tipped darts
 S - 8 silver javelins
Armour
 d - a +0 cloak (melded)
 f - a +1 pair of gloves of dexterity (melded)
 j - a +2 plate armour of cold resistance (melded)
 n - a +2 tower shield
 t - a +2 pair of boots of stealth (melded)
 x - a +2 chain mail of cold resistance
 G - +0 swamp dragon scales
 P - a +2 buckler of protection (worn)
 T - +0 acid dragon scales
 V - the +1 helmet of the Original Sin (melded) {Str+2}
   (You found it on level 11 of the Dungeon)

   Str:       It affects your strength (+2).
Jewellery
 c - an amulet of regeneration
 i - a +4 ring of protection
 p - the ring of the Peasants (right branch) {rPois Will+}
   (You bought it in a shop on level 2 of the Orcish Mines)

   [ring of poison resistance]

   rPois:     It protects you from poison.
   Will:      It increases your willpower.
 q - a ring of protection from fire
 v - an amulet of faith (around neck)
 y - the ring of Hilech (left branch) {Fly rN++}
   (You bought it in a shop on level 2 of the Orcish Mines)

   [ring of flight]

   rN:        It greatly protects you from negative energy.
   Fly:       It grants you flight.
 B - a ring of poison resistance
 I - a ring of wizardry
 U - a +6 ring of dexterity
 X - a +4 ring of evasion
Wands
 A - a wand of polymorph (8)
 C - a wand of flame (57)
 E - a wand of digging (15)
 M - a wand of acid (6)
 W - a wand of mindburst (12)
Scrolls
 b - a scroll of enchant weapon
 e - 2 scrolls of blinking
 k - a scroll of fear
 o - a scroll of amnesia
 w - 7 scrolls of teleportation
 z - 3 scrolls of immolation
 J - a scroll of identify
 K - 3 scrolls of magic mapping
 L - a scroll of enchant armour
Potions
 g - 2 potions of flight
 h - 3 potions of curing
 l - a potion of heal wounds
 r - 2 potions of degeneration
 s - 3 potions of brilliance
 u - 3 potions of cancellation
 D - 4 potions of ambrosia
Miscellaneous
 N - a tin of tremorstones (inert)


   Skills:
 - Level 15.0(20.0) Fighting
 - Level 14.0(19.0) Polearms
 - Level 5.0(10.0) Throwing
 + Level 11.7(16.7) Armour
 - Level 15.0(20.0) Dodging
 - Level 4.0(9.0) Shields
 - Level 7.0 Transmutations
 - Level 8.0 Invocations


You had 4 spell levels left.
You knew the following spells:

 Your Spells              Type           Power      Damage    Failure   Level
a - Sublimation of Blood  Necr           0%         N/A       63%         2
b - Wereblood             Tmut           21%        N/A       6%          2
c - Passwall              Tmut/Erth      8%         N/A       22%         2
d - Apportation           Tloc           0%         N/A       50%         1
e - Mephitic Cloud        Conj/Pois/Air  0%         N/A       85%         3

Your spell library contained the following spells:

 Spells                   Type           Power      Damage    Failure   Level
 Beastly Appendage        Tmut           42%        N/A       4%          1
 Spider Form              Tmut/Pois      5%         N/A       38%         3
 Freeze                   Ice            0%         1d3       50%         1
 Magic Dart               Conj           0%         1d3       50%         1
 Pain                     Necr           0%         1d4       50%         1
 Sandblast                Erth           0%         2d4       50%         1
 Corpse Rot               Necr/Air       0%         N/A       63%         2
 Poisonous Vapours        Pois/Air       0%         N/A       63%         2
 Static Discharge         Conj/Air       0%         N/A       63%         2
 Petrify                  Tmut/Erth      10%        N/A       78%         4
 Frozen Ramparts          Ice            0%         1d2       85%         3
 Gell's Gravitas          Tloc           0%         N/A       85%         3
 Inner Flame              Hex/Fire       0%         N/A       85%         3
 Lesser Beckoning         Tloc           0%         N/A       85%         3
 Stone Arrow              Conj/Erth      0%         3d7       85%         3
 Teleport Other           Tloc           0%         N/A       85%         3
 Cause Fear               Hex            0%         N/A       99%         4
 Hailstorm                Conj/Ice       0%         3d3       99%         4
 Blade Hands              Tmut           10%        N/A       65%         5
 Alistair's Intoxication  Tmut/Pois      6%         N/A       98%         5
 Irradiate                Conj/Tmut      5%         3d15      98%         5
 Agony                    Necr           0%         N/A       100%        5
 Borgnjor's Vile Clutch   Necr/Erth      0%         N/A       100%        5
 Excruciating Wounds      Necr           0%         N/A       100%        5
 Lightning Bolt           Conj/Air       0%         1d11      100%        5
 Conjure Ball Lightning   Conj/Air       0%         3x3d6     100%        6
 Eringya's Noxious Bog    Tmut/Pois      5%         N/A       100%        6
 Invisibility             Hex            0%         N/A       100%        6
 Iron Shot                Conj/Erth      0%         9d1       100%        6
 Dragon Form              Tmut           10%        N/A       100%        7
 Discord                  Hex            0%         N/A       100%        8
 Disjunction              Tloc           0%         N/A       100%        8
 Maxwell's Capacitive Co  Air            0%         ∞         100%        8
 Call Imp                 Summ           Unusable   N/A       N/A         2
 Animate Armour           Summ/Erth      Unusable   N/A       N/A         4
 Dragon's Call            Summ           Unusable   N/A       N/A         9

Dungeon Overview and Level Annotations

Branches:
Dungeon (14/15)            Temple (1/1) D:6            Lair (4/6) D:11
  Swamp (0/4) Lair:2          Orc (2/2) D:12            Elf (0/3) Orc:2
  IceCv (1/1)
  Snake: Lair:2-4    Spider: Lair:2-4    Vaults: D:13-14

Altars:
Ashenzari
Cheibriados
Dithmenos
Elyvilon
Fedhas
Gozag
Hepliaklqana
Kikubaaqudgha
Makhleb
Okawaru
Qazlal
Ru
Sif Muna
Trog
Uskayaw
Vehumet
Wu Jian
Xom
Yredelemnul
Zin
The Shining One
Beogh

Shops:
D:4 [   D:7 (   D:10 [(   D:14 [   Orc:1 :   Orc:2 ([=[:

Annotations:
D:3 Grinder
Lair:3 2 transporters, Mouwuw's ghost, journeyman MiMo
Lair:4 Rupert


Innate Abilities, Weirdness & Mutations

You are a tree.
Your roots penetrate the ground, keeping you stationary.
You cannot be teleported.
You are immune to unholy pain and torment.
Your maximum health is greatly increased.
Your equipment is partially melded.
((You are quick and stealthy near water. (Stealth+, EV+, Speed+++)))
((Your lower body shifts to a powerful aquatic tail in water.))
You are agile. (Dex +2)
Your body sometimes deteriorates upon taking damage.
You are weak. (Str -2)
Your spells are a little harder to cast, but a little more powerful.
You have hidden genetic potential.


Message History

Your +2 plate armour of cold resistance melds into your body.
You feel clumsy.
You feel less stealthy.
You feel less resistant to cold.
Your roots penetrate the ground.
The caustic shrike simulacrum claws you but does no damage.
The caustic shrike simulacrum claws you!!
The caustic shrike simulacrum freezes you!!
You now have 150/193 hp.
The tremorstone explodes into fragments!
The burst of rock shards engulfs the Ice Fiend.
The burst of rock shards engulfs the caustic shrike simulacrum!
The tin is emptied!
The caustic shrike simulacrum completely misses you.
You gain the combat prowess of a mighty hero.
You block the caustic shrike simulacrum's attack. x2
You now have 19/21 mp.
You can now deal lightning-fast blows.
You can no longer enter into single combat with a foe.
Okawaru will no longer gift you equipment.
The caustic shrike simulacrum claws you!
The caustic shrike simulacrum freezes you!!!
You block the Ice Fiend's attack. x2
The caustic shrike simulacrum claws you!
The caustic shrike simulacrum freezes you!!!
* * * LOW HITPOINT WARNING * * *
Your body deteriorates!
You feel weakened.
You take 107 damage, and have 44/193 hp.
MASSIVE DAMAGE!!
You now have 14/21 mp.
You puncture the caustic shrike simulacrum!
The caustic shrike simulacrum is moderately damaged.
You block the caustic shrike simulacrum's attack.
Okay, then.
You feel much better. The Ice Fiend gestures at you.
The bolt of cold hits you!!
* * * LOW HITPOINT WARNING * * *
The caustic shrike simulacrum claws you.
* * * LOW HITPOINT WARNING * * *
The caustic shrike simulacrum freezes you!!!
You die...

. ##......######≈.#...
#.. ##.....##..##≈≈##.#..
#...#....######≈≈≈####..#
#..°.###≈≈≈≈≈≈≈####...#
#######..##≈≈≈≈≈≈≈##..###
#..# ##.####≈≈≈≈≈≈≈##..##
#..#.#.#≈≈≈≈≈≈≈≈≈###..#
#...###≈≈≈≈≈≈≈≈#..###
###.♣1##≈≈≈≈≈≈##...##
###Z.###≈≈≈##..####
##..###.#####.### #..##
#.# ##..# ...## #.# #...#
.Z..# #.# ###.. .....#
#.# ### ..... #.# # ..1.
#.#


You could see an Ice Fiend and a caustic shrike simulacrum.

Vanquished Creatures
  Gastronok (D:9)
  A very ugly thing (D:14)
  Nessos (D:14)
  Snorg (D:12)
  An ettin (Orc:1)
  3 vault guards (D:14)
  6 hydras
  3 caustic shrike simulacra (IceCv)
  A death knight (D:11)
  Erica (D:8)
  4 two-headed ogres
  A tengu warrior (D:13)
  3 orc high priests (Orc:2)
  Sonja (D:13)
  A fire crab (Lair:3)
  A bog body (IceCv)
  Pikel (D:7)
  3 orc sorcerers (Orc:2)
  8 orc knights
  3 cyclopes
  2 manticores
  16 ugly things
  5 elephants
  2 black mambas
  7 cane toads
  A gargoyle (D:6)
  A rime drake (Lair:3)
  3 kobold demonologists
  5 komodo dragons
  8 ice devils (IceCv)
  A tengu conjurer (D:13)
  7 freezing wraiths
  4 entropy weaver simulacra (IceCv)
  Prince Ribbit (Lair:2)
  A queen bee (D:9)
  A hornet (D:11)
  6 trolls
  9 blink frogs
  9 slime creatures
  5 dream sheep (Lair:3)
  A wraith (D:11)
  5 wyverns
  2 dire elephant simulacra (IceCv)
  3 spriggan simulacra (IceCv)
  46 yaks
  3 basilisks
  3 vampire mosquitoes
  8 minotaur simulacra (IceCv)
  5 wargs
  3 harpy simulacra (IceCv)
  2 acid dragons (D:11)
  6 water moccasins
  Duvessa (D:7)
  21 orc warriors
  3 ice beasts
  A sky beast (D:8)
  3 black bears
  A tengu (D:5)
  An alligator simulacrum (IceCv)
  A necrophage (D:5)
  11 wolves
  8 ogres
  A centaur (D:5)
  3 kobold brigands (D:12)
  9 bullfrogs
  A gnoll sergeant (D:10)
  5 scorpions
  7 deep troll simulacra (IceCv)
  A hornet simulacrum (D:13)
  A wyvern skeleton (D:6)
  Dowan (D:7)
  A water moccasin skeleton (D:7)
  37 killer bees
  10 wights
  A howler monkey (D:5)
  4 centaur zombies
  16 orc priests
  A hound (D:5)
  2 jellies
  Crazy Yiuf (D:2)
  A bullfrog skeleton (D:4)
  A centaur skeleton (D:4)
  Jessica (D:2)
  An iguana (D:6)
  17 orc wizards
  Robin (D:1)
  A howler monkey skeleton (D:5)
  7 adders
  11 gnolls
  A shadow imp (D:6)
  2 worms (D:2)
  A dart slug (D:4)
  70 orcs
  5 bats
  2 endoplasms (D:2)
  2 giant cockroaches
  23 goblins
  16 hobgoblins
  10 jackals
  3 quokkas
  3 ball pythons (D:1)
  2 frilled lizards (D:1)
  A jackal skeleton (D:4)
  18 kobolds
  6 rats
585 creatures vanquished.

Vanquished Creatures (others)
  9 fungi
  8 plants
17 creatures vanquished.

Grand Total: 602 creatures vanquished

Notes
Turn   | Place    | Note
-------+----------+-------------------------------------------
     0 | D:1      | jasper the Merfolk Fighter began the quest for the Orb.
     0 | D:1      | Reached XP level 1. HP: 18/18 MP: 1/1
   180 | D:1      | Reached XP level 2. HP: 16/24 MP: 2/2
   395 | D:1      | Found a faded altar of an unknown god.
   549 | D:1      | Reached XP level 3. HP: 27/29 MP: 3/3
  1378 | D:2      | Reached XP level 4. HP: 35/35 MP: 4/4
  1614 | D:2      | Found a runed translucent door.
  1615 | D:2      | Noticed Crazy Yiuf
  1725 | D:2      | Reached skill level 5 in Polearms
  1905 | D:2      | Noticed Jessica
  1917 | D:2      | Killed Jessica
  1988 | D:2      | Noticed Robin
  2026 | D:1      | Killed Robin
  2138 | D:1      | Reached XP level 5. HP: 41/41 MP: 5/5
  2594 | D:2      | Killed Crazy Yiuf
  2832 | D:3      | Noticed Grinder
  2855 | D:3      | Noticed Grinder
  2855 | D:3      | Grinder changed into Grinder the chaos spawn
  3144 | D:4      | Found Rikociaq's Armour Shop.
  3394 | D:4      | Reached XP level 6. HP: 47/47 MP: 6/6
  4186 | D:4      | Noticed a black bear
  4190 | D:4      | Killed a black bear
  4423 | D:4      | Reached XP level 7. HP: 47/52 MP: 7/7
  4712 | D:4      | Learned a level 2 spell: Sublimation of Blood
  4715 | D:4      | Learned a level 2 spell: Wereblood
  4746 | D:5      | Entered Level 5 of the Dungeon
  4863 | D:4      | Reached skill level 10 in Polearms
  5104 | D:5      | Identified a scroll of acquirement
  5104 | D:5      | Acquired a +4 ring of protection
  5526 | D:5      | Reached XP level 8. HP: 57/58 MP: 8/8
  5718 | D:6      | Found a staircase to the Ecumenical Temple.
  5734 | Temple   | Entered the Ecumenical Temple
  5913 | Temple   | Became a worshipper of Warmaster Okawaru
  6001 | D:6      | Reached skill level 1 in Dodging
  6042 | D:6      | Noticed a yak
  6042 | D:6      | Noticed a yak
  6069 | D:6      | Killed a yak
  6070 | D:6      | Reached skill level 1 in Invocations
  6074 | D:6      | Noticed a yak
  6077 | D:6      | Killed a yak
  6077 | D:6      | Reached * piety under Okawaru
  6078 | D:6      | Reached XP level 9. HP: 59/65 MP: 8/10
  6649 | D:6      | Noticed a gargoyle
  6681 | D:6      | Killed a gargoyle
  6681 | D:6      | Reached ** piety under Okawaru
  6682 | D:6      | Reached skill level 5 in Fighting
  6988 | D:6      | Acquired 1116 gold pieces
  7100 | D:4      | Bought a +2 pair of gloves of stealth for 258 gold pieces
  7348 | D:7      | Reached skill level 5 in Dodging
  7350 | D:7      | Found Yzuary Wyeho's Antique Weapon Shoppe.
  7492 | D:7      | Noticed Pikel
  7515 | D:7      | Killed Pikel
  7515 | D:7      | Reached *** piety under Okawaru
  7516 | D:7      | Reached skill level 5 in Invocations
  7516 | D:7      | Reached XP level 10. HP: 76/76 MP: 10/13
  7677 | D:7      | Reached **** piety under Okawaru
  7932 | D:7      | Noticed Dowan
  7933 | D:7      | Noticed Duvessa
  7941 | D:7      | Killed Dowan
  7957 | D:7      | Killed Duvessa
  8093 | D:7      | Found a sand-covered staircase.
  8582 | D:8      | Reached skill level 5 in Armour
  8603 | D:8      | Reached ***** piety under Okawaru
  8974 | D:8      | Noticed a two-headed ogre
  9014 | D:8      | Killed a two-headed ogre
  9015 | D:8      | Reached XP level 11. HP: 86/86 MP: 10/16
  9577 | D:8      | Received a gift from Okawaru
  9713 | D:9      | Noticed Erica
  9790 | D:8      | Killed Erica
  9813 | D:9      | Noticed a cyclops
 10155 | D:9      | Noticed Maggie
 10169 | D:9      | Noticed Maggie
 10169 | D:9      | Maggie changed into Maggie the scorpion
 10180 | D:9      | Killed Maggie the scorpion
 10360 | D:9      | Noticed a two-headed ogre
 10500 | D:9      | Killed a two-headed ogre
 10803 | D:9      | Killed a cyclops
 10996 | D:9      | Noticed Gastronok
 11115 | D:9      | Killed Gastronok
 11256 | D:10     | Entered Level 10 of the Dungeon
 11708 | D:10     | Reached skill level 5 in Throwing
 11825 | D:10     | Found Gukustadu's Armour Shoppe.
 11882 | D:10     | Reached skill level 1 in Transmutations
 12073 | D:10     | Found Cusick's Antique Weapon Emporium.
 12689 | D:11     | Noticed a cyclops
 12703 | D:11     | Killed a cyclops
 12704 | D:11     | Reached skill level 5 in Transmutations
 12704 | D:11     | Reached XP level 12. HP: 81/94 MP: 18/18
 13330 | D:11     | Found a staircase to the Lair.
 13409 | D:11     | Gained mutation: Your spells are a little easier to cast,
                  | but a little less powerful. [a neqoxec]
 13411 | D:11     | Gained mutation: Potions are less effective at restoring
                  | your health. [a neqoxec]
 13414 | D:11     | Gained mutation: Your body sometimes deteriorates upon
                  | taking damage. [a neqoxec]
 13488 | D:11     | Identified the +1 helmet of the Original Sin {Str+2}
 13549 | D:11     | Reached skill level 10 in Dodging
 13718 | Lair:1   | Entered Level 1 of the Lair of Beasts
 14053 | Lair:1   | Lost mutation: Potions are less effective at restoring your
                  | health. [potion of mutation]
 14053 | Lair:1   | Lost mutation: Your spells are a little easier to cast, but
                  | a little less powerful. [potion of mutation]
 14053 | Lair:1   | Gained mutation: You have hidden genetic potential. [potion
                  | of mutation]
 14053 | Lair:1   | Gained mutation: You are weak. (Str -2) [potion of
                  | mutation]
 14053 | Lair:1   | Gained mutation: You are agile. (Dex +2) [potion of
                  | mutation]
 14343 | Lair:1   | Noticed a five-headed hydra
 14357 | Lair:1   | Killed a five-headed hydra
 14394 | Lair:1   | Noticed a four-headed hydra
 14409 | Lair:1   | Killed a four-headed hydra
 14409 | Lair:1   | Received a gift from Okawaru
 14550 | Lair:1   | Reached skill level 10 in Fighting
 14841 | Lair:1   | Noticed a four-headed hydra
 14851 | Lair:1   | Killed a four-headed hydra
 15615 | Lair:2   | Found a staircase to the Swamp.
 15667 | Lair:2   | Noticed Prince Ribbit
 15679 | Lair:2   | Killed Prince Ribbit
 15696 | Lair:2   | Reached XP level 13. HP: 104/104 MP: 19/19
 15933 | Lair:2   | Received a gift from Okawaru
 15933 | Lair:2   | Found the +7 pair of quick blades "Gyre" and "Gimble"
                  | {protect}
 16887 | Lair:2   | Gained mutation: Your movements are slightly less
                  | encumbered by armour. (ER -2) [hidden potential]
 17664 | Lair:3   | Reached ****** piety under Okawaru
 17912 | Lair:3   | Found a transporter.
 17918 | Lair:3   | Found a transporter.
 17990 | Lair:3   | Received a gift from Okawaru
 18213 | Lair:3   | Noticed a rakshasa
 18494 | Lair:3   | Received a gift from Okawaru
 18709 | Lair:4   | Noticed Rupert
 18811 | Lair:3   | Noticed Mouwuw's ghost (journeyman MiMo)
 19351 | D:12     | Received a gift from Okawaru
 19402 | D:12     | Identified the +2 cloak "Qeloq" {rElec rPois Str-5}
 19696 | D:12     | Found a staircase to the Orcish Mines.
 19822 | D:12     | Received a gift from Okawaru
 19837 | D:12     | Reached XP level 14. HP: 114/116 MP: 13/20
 20091 | D:13     | Noticed Snorg
 20094 | D:13     | Noticed Sonja
 20129 | D:12     | Killed Snorg
 20147 | D:13     | Killed Sonja
 20151 | D:13     | Lost mutation: You have hidden genetic potential. [potion
                  | of mutation]
 20151 | D:13     | Lost mutation: You are agile. (Dex +2) [potion of mutation]
 20151 | D:13     | Lost mutation: Your body sometimes deteriorates upon taking
                  | damage. [potion of mutation]
 20151 | D:13     | Gained mutation: You have hidden genetic potential. [potion
                  | of mutation]
 20151 | D:13     | Lost mutation: Your movements are slightly less encumbered
                  | by armour. (ER -2) [potion of mutation]
 20151 | D:13     | Gained mutation: Your body sometimes deteriorates upon
                  | taking damage. [potion of mutation]
 20151 | D:13     | Gained mutation: Your spells are a little harder to cast,
                  | but a little more powerful. [potion of mutation]
 20377 | Orc:1    | Entered Level 1 of the Orcish Mines
 20573 | Orc:2    | Entered Level 2 of the Orcish Mines
 20980 | Orc:1    | Found Zisoutt's Book Boutique.
 21207 | Orc:2    | Found Picrin's Book Shoppe.
 21345 | Orc:2    | Found a staircase to the Elven Halls.
 21670 | Orc:2    | Reached skill level 15 in Dodging
 22477 | Orc:2    | Received a gift from Okawaru
 22539 | Orc:2    | Found Mastrenarr's Antique Weapon Shoppe.
 22539 | Orc:2    | Found Nyli's Armour Boutique.
 22541 | Orc:2    | Found Deam's Jewellery Shoppe.
 22541 | Orc:2    | Found Suro's Armour Boutique.
 22550 | Orc:2    | Bought an amulet of regeneration for 420 gold pieces
 22553 | Orc:2    | Bought a +1 pair of gloves of dexterity for 214 gold pieces
 22567 | Orc:2    | Bought the ring of the Peasants {rPois Will+} for 456 gold
                  | pieces
 22567 | Orc:2    | Bought a ring of protection from fire for 350 gold pieces
 22567 | Orc:2    | Bought the ring of Hilech {Fly rN++} for 490 gold pieces
 22859 | Orc:2    | Bought a book of Minor Magic for 306 gold pieces
 22859 | Orc:2    | Bought a book of Geomancy for 306 gold pieces
 22862 | Orc:2    | Learned a level 2 spell: Passwall
 22864 | Orc:2    | Learned a level 1 spell: Apportation
 22868 | Orc:2    | Learned a level 3 spell: Mephitic Cloud
 23380 | D:13     | Reached skill level 10 in Armour
 24000 | D:14     | Noticed Nessos
 24012 | D:14     | Killed Nessos
 24053 | D:14     | Found Warasid's Antique Armour Shoppe.
 24256 | D:14     | Reached XP level 15. HP: 47/127 MP: 13/21
 24261 | D:14     | Found a frozen archway.
 24279 | D:14     | Received a gift from Okawaru
 24341 | IceCv    | Entered an ice cave
 24343 | IceCv    | Gained mutation: You are agile. (Dex +2) [hidden potential]
 24362 | IceCv    | Reached skill level 15 in Fighting
 26204 | IceCv    | Received a gift from Okawaru
 26718 | IceCv    | Received a gift from Okawaru
 27136 | IceCv    | Noticed an Ice Fiend
 27147 | IceCv    | Slain by a caustic shrike simulacrum

Illustrated notes

Levels and vault maps discovered:
D:1:      scummos_arrival_hexagon, layout_loops_ring, basic_ecumenical_altar
D:2:      layout_loops_ring, uniq_crazy_yiuf_cottage, uniq_robin, uniq_jessica
D:3:      layout_loops_corners, marbit_many_paths, uniq_sigmund, uniq_grinder
D:4:      corexii_shantytown, layout_loops_ring, serial_shops,
          nicolae_shop_behind_doors, kennysheep_another_room
D:5:      layout_basic, grunt_ministairs_1
D:6:      layout_cave_pools, minmay_temple_entry_purple_smoke, grunt_tough_drop
D:7:      layout_rooms, serial_corexii_hall, corexii_hall_statues_x,
          corexii_hall_statues_t, chequers_hall_statues_wall_a, enter_ossuary_5,
          serial_shops, nicolae_shop_overgrown_old_shop, uniq_duvessa,
          uniq_pikel
D:8:      layout_rooms, skrybe_limestone_x
D:9:      layout_cave_pools, minivault_7, uniq_maggie, uniq_erica,
          uniq_gastronok
D:10:     layout_basic, serial_shops, nicolae_shop_statue_plus,
          nicolae_shop_crystal
D:11:     minmay_clustersquares, layout_irregular_city
D:12:     layout_rooms, hiddenorc1_lemuel
D:13:     layout_gridville, hangedman_decor_slide_cut, uniq_snorg, uniq_sonja
D:14:     layout_basic, erik_vaults_2, serial_shops, shop,
          portal_ice_cave_entry_ugly_swarm, corexii_leaking_fountain,
          uniq_nessos, uniq_agnes, uniq_kirke
Temple:   kilobyte_greek_temple
Lair:1:   layout_cellular_growth, grunt_megastairs_5,
          infiniplex_staircase_pool_2
Lair:2:   layout_cellular_growth, swamp_mist, uniq_prince_ribbit2
Lair:3:   layout_misc_corridors, gammafunk_ghost_abyssal_escape,
          grunt_forest_small_clearing_treed
Lair:4:   layout_roguey, spider_nest_entry_rubble, grunt_megastairs_3,
          uniq_rupert
Orc:1:    layout_diamond_mine, serial_shops, nicolae_shop_trees, basic_altar
Orc:2:    grunt_orc_tribal_feast, layout_diamond_mine, serial_shops,
          nicolae_shop_waterfront
IceCv:    ice_cave_caverns_02

Skill      XL: |  1  2  3  4  5  6  7  8  9 10 11 12 13 14 15 |
---------------+----------------------------------------------+-----
Shields        | 4 |  4.0
Polearms       | 4 6 7 9 12 14 | 14.0
Dodging        | 2 5 8 9 11 14 15 | 15.0
Invocations    | 2 5 7 8 |  8.0
Fighting       | 4 6 8 10 12 14 15 | 15.0
Armour         | 4 5 6 7 8 10 11 | 11.7
Throwing       | 5 |  5.0
Transmutations | 5 7 |  7.0

Action                   |  1- 3 |  4- 6 |  7- 9 | 10-12 | 13-15 || total
-------------------------+-------+-------+-------+-------+-------++-------
Melee: Trident           |   118 |   259 |   293 |  1091 |  1566 ||  3327
       Unarmed           |       |     6 |       |       |       ||     6
       Tailslap          |       |       |       |       |     1 ||     1
Throw: Stone             |       |    15 |    17 |    13 |    14 ||    59
       Boomerang         |       |       |       |       |   182 ||   182
 Cast: Wereblood         |       |       |       |       |     5 ||     5
Invok: Heroism           |       |       |     3 |    23 |    15 ||    41
       Finesse           |       |       |       |    10 |    22 ||    32
Evoke: Wand              |       |     1 |     1 |     2 |    12 ||    16
       Tin of tremorston |       |       |       |     2 |     4 ||     6
  Use: Scroll            |       |     8 |     5 |     8 |     2 ||    23
       Potion            |       |     3 |     2 |     3 |    11 ||    19
 Stab: Sleeping          |       |       |       |     6 |     4 ||    10
Armor: Scale mail        |    35 |    83 |    53 |       |       ||   171
       Chain mail        |       |       |    18 |   108 |       ||   126
       Swamp dragon scal |       |       |       |   106 |       ||   106
       Acid dragon scale |       |       |       |    41 |   257 ||   298
       Plate armour      |       |       |       |       |    69 ||    69
       Skin              |       |       |       |       |     1 ||     1
Dodge: Dodged            |    33 |    85 |    35 |   417 |   595 ||  1165
Block: Buckler           |    14 |    53 |    35 |   176 |   338 ||   616

Table legend: (Time is in decaauts)
 A = Elapsed time spent in this place.
 B = Non-inter-level travel time spent in this place.
 C = Inter-level travel time spent in this place.
 D = Time resting spent in this place.
 E = Time spent auto-exploring this place.
 F = Levels seen in this place.
 G = Mean time per level.
                   A        B        C        D        E       F      G
               +--------+--------+--------+--------+--------+-----+--------+
         Total |  25687 |  24566 |   1121 |   6835 |  12732 |  22 | 1167.6 |
       Dungeon |  15734 |  14870 |    864 |   3829 |   7860 |  14 | 1123.9 |
        Temple |    210 |    177 |     33 |      0 |    159 |   1 |  210.0 |
          Lair |   4827 |   4663 |    164 |    581 |   3241 |   4 | 1206.8 |
  Orcish Mines |   2266 |   2206 |     60 |    622 |    989 |   2 | 1133.0 |
      Ice Cave |   2648 |   2648 |      0 |   1802 |    481 |   1 | 2648.0 |
               +--------+--------+--------+--------+--------+-----+--------+

Top non-repeatable levels by time:
   IceCv: 2648 daAuts
  Lair:2: 2055 daAuts
     D:4: 1912 daAuts
  Lair:1: 1659 daAuts
     D:8: 1625 daAuts
    D:11: 1600 daAuts
   Orc:2: 1567 daAuts
     D:2: 1505 daAuts
     D:1: 1303 daAuts
    D:13: 1253 daAuts
     D:6: 1206 daAuts
     D:9: 1201 daAuts
    D:10: 1124 daAuts
  Lair:3: 1092 daAuts
     D:5: 880 daAuts
